[Event "Croatian Team Cup Final 2022"]
[Site "Vodice"]
[Date "2022.05.19"]
[Round "2.18"]
[White "Segovic, Goran"]
[Black "Zaja, Ivan"]
[Result "0-1"]
[ECO "B80"]
[WhiteElo "2291"]
[BlackElo "2449"]
[Annotator "TA"]
[PlyCount "104"]
[EventDate "2022.05.18"]
[EventType "team-tourn"]
[EventCountry "CRO"]
[SourceTitle "playchess.com"]
[Source "ChessBase"]
[SourceQuality "1"]
[TimeControl "40/5400+30:1800+30"]

1. e4 c5 2. Nf3 d6 3. d4 cxd4 4. Nxd4 Nf6 5. Nc3 a6 6. Be3 e6 7. f3 h5 {[%emt 0:02:15] B80: Sicilian Scheveningen: 6 g3 and 6 Be3, including English Attack.} 8. Qd2 b5 9. a3 {[%emt 0:04:37] 9.a4 is the modern continuation.} Bb7 {[%emt 0:01:56] White has an edge.} 10. O-O-O Nbd7 11. Kb1 Be7 12. Bd3 {[%emt 0:07:25] [#]} Ne5 $146 ({Predecessor:} 12... Rc8 13. Nb3 Nc5 14. Nxc5 dxc5 15. e5 Nd5 16. Be4 Nxc3+ 17. Qxc3 Qc7 18. Bxb7 Qxb7 {1-0 (58) Michalik,P (2568)-Blohberger,F (2503) Warsaw 2021}) 13. h3 h4 14. Bf2 Rc8 15. Rhe1 Nh5 16. Nce2 d5 17. exd5 Nxd3 18. Qxd3 Qxd5 19. Qe3 Qc5 20. c3 O-O 21. f4 {[%emt 0:01:48] Inhibits Bg5.} (21. Nc2 $11) 21... Qd5 {[%emt 0:03:15] Black is more active.} ({Better is} 21... Qc4 $17 {Strongly threatening ...Bf6.} 22. f5 Nf6 23. Bxh4 Nd5) 22. g4 $15 hxg3 23. Nxg3 Nxg3 24. Qxg3 Bf6 25. f5 ({White should try} 25. Qg4 $15 Qg2 26. Re2) 25... Rfd8 $2 (25... exf5 $19 {Hoping for ...Rfe8.} 26. Ne6 Qb3 $1) 26. fxe6 $11 fxe6 27. Qg4 Qg2 28. Qxe6+ Kh8 29. Qf5 Rd5 30. Qf4 Rh5 31. Re6 Qg6+ 32. Ka1 Rxh3 33. Rg1 Qh6 34. Qg4 (34. Qd6 $16 Rh1 35. Ree1 Rxg1 36. Rxg1) 34... Rh1 $2 (34... Qh5 $11) 35. Ree1 $1 $18 Rxg1 36. Rxg1 Rd8 {[%emt 0:00:20] [#] Inhibits Qd7.} 37. Nf5 $1 Qh7 38. Nh4 $2 (38. Bd4 $18 {Threatens to win with Bxf6.} Bxd4 39. cxd4 (39. Nxd4 Bd5 $16)) 38... Qe4 $11 {[%emt 0:01:01] White must now prevent ...Qxg4.} 39. Qh5+ Qh7 $2 (39... Kg8 $1 $11 {and Black has nothing to worry.} 40. Ng6 Qd5 41. Qh8+ Kf7) 40. Ng6+ $18 Kg8 {[%emt 0:00:00] [#]} 41. Qf5 (41. Qg4 $1 $16 Bc8 42. Qe4) 41... Qh2 $1 $11 42. Re1 Bc8 $1 {[%emt 0:01:38] This bishop pair is nice.} 43. Qf3 Qh3 44. Qe4 {[%emt 0:02:06] And now Bb6 would win.} Qg4 $1 {[%emt 0:03:53] aiming for ...Qxe4.} 45. Qxg4 (45. Ne7+ {is interesting.} Kf7 46. Nxc8 Qxe4 47. Rxe4 Rxc8 48. Kb1) 45... Bxg4 46. Ne5 Bxe5 47. Rxe5 $15 {[%emt 0:00:12][%mdl 4096] Endgame KRB-KRB. The position is equal.} Rd1+ 48. Ka2 Kf7 {[%emt 0:00:10] ...Be6+ is the strong threat.} 49. Kb3 Rd2 50. Bd4 Be6+ 51. Kb4 Rxb2+ 52. Ka5 Bc4 {[%emt 0:00:22][%mdl 32768] Weighted Error Value: White=0.28 (precise) /Black=0.28 (precise) . Loss on time!?} 0-1

[Event "Croatian Team Cup Final 2022"]
[Site "Vodice"]
[Date "2022.05.19"]
[Round "2.19"]
[White "Loncar, Robert"]
[Black "Zadravec, Matija"]
[Result "1-0"]
[ECO "E20"]
[WhiteElo "2370"]
[BlackElo "2263"]
[Annotator "TA"]
[PlyCount "73"]
[EventDate "2022.05.18"]
[EventType "team-tourn"]
[EventCountry "CRO"]
[SourceTitle "playchess.com"]
[Source "ChessBase"]
[SourceQuality "1"]
[TimeControl "40/5400+30:1800+30"]

1. d4 Nf6 2. c4 e6 3. Nf3 Bb4+ 4. Nc3 c5 5. g3 cxd4 6. Nxd4 Ne4 7. Qd3 Qa5 8. Nb3 Qf5 9. Qe3 Nxc3 10. bxc3 Be7 11. Bg2 Nc6 12. O-O O-O 13. Rd1 {[%emt 0:12:10] E20: Nimzo-Indian: 4 g3 and 4 f3.} b6 14. Nd4 Nxd4 15. cxd4 {[%emt 0:00:26] White is slightly better.} (15. Bxa8 Nc2 16. Qe4 Qxe4 17. Bxe4 Nxa1 $17) 15... Rb8 {[%emt 0:00:33] [#]} 16. Qf4 $146 ({Predecessor:} 16. Ba3 d6 17. Qb3 Bb7 18. d5 e5 19. Qa4 Ra8 20. e4 Qf6 21. Rf1 Bc8 22. f4 exf4 {½-½ (31) Bourquin,P (2352)-Bendig,F (2300) IECG email 2002}) 16... Qc2 17. Rd2 Qc3 18. Rb1 (18. Qxb8 Qxa1 19. Rd1 Qxa2 $15) (18. Bb2 $11 g5 19. Bxc3 gxf4 20. gxf4) 18... Ba6 19. d5 e5 20. Qg4 (20. Qf5 $11 {remains equal.} d6 21. Qd7 (21. Be4 g6 $17)) 20... f5 $17 (20... Qxc4 $6 21. Qxd7 Bb4 22. Rd1 $11) 21. Qh5 d6 (21... Qxc4 $2 22. d6 Qc5 23. dxe7 Qxe7 24. e4 $18) (21... Bb4 $17 22. a3 Bc5) 22. Rd1 (22. e4 $1 $15) 22... Bxc4 23. Bd2 (23. e4 $1 $15) 23... Qa3 24. e4 g6 25. Qh6 Bd3 $36 {[%emt 0:00:14][%mdl 2048] Black fights for an advantage.} 26. Rb3 Qa4 27. Rc1 (27. exf5 $17 Bxf5 28. Ra1) 27... Bxe4 $19 (27... Bc4 $2 28. Rb4 Qxa2 29. Rbxc4 $18) 28. Rb4 ({Of course not} 28. Rc7 Rf7 29. Bb4 Qxa2 $19) (28. h4 {was worth a try.} Rfc8 29. h5 Rxc1+ 30. Bxc1) 28... Qxa2 {[%emt 0:02:14] [#] White must now prevent ...Bxg2.} ({Not} 28... Qd7 29. Bxe4 fxe4 30. Qe3 $17) 29. Rc7 $2 (29. Bxe4 fxe4 30. Rbc4 (30. Rc7 $2 Rf7 $19)) 29... Rf7 30. Rxe7 Qa1+ 31. Bc1 Rc8 $4 {[%emt 0:01:40][%mdl 8192] [#]} (31... Rxe7 $19 32. Bxe4 fxe4) 32. Rc4 $3 $18 Qa6 (32... Qxc1+ 33. Qxc1) 33. Rxf7 Kxf7 34. Rxc8 Qxc8 35. Qxh7+ Ke8 36. Qxg6+ (36. Qg8+ $142 Ke7 37. Bg5+ Kd7 38. Qf7#) 36... Kd7 37. Qf7+ {[%emt 0:00:08] What a bad dream for Black.  Weighted Error Value: White=0.58/Black=0.55} 1-0

[Event "Croatian Team Cup Final 2022"]
[Site "Vodice"]
[Date "2022.05.19"]
[Round "2.20"]
[White "Havas, Janko"]
[Black "Sale, Srdjan"]
[Result "0-1"]
[ECO "A41"]
[WhiteElo "2162"]
[BlackElo "2356"]
[Annotator "TA"]
[PlyCount "84"]
[EventDate "2022.05.18"]
[EventType "team-tourn"]
[EventCountry "CRO"]
[SourceTitle "playchess.com"]
[Source "ChessBase"]
[SourceQuality "1"]
[TimeControl "40/5400+30:1800+30"]

1. d4 g6 2. Nc3 Bg7 3. Bf4 d6 4. Nf3 a6 5. h3 Nd7 6. e3 {[%emt 0:02:27] A41: 1 d4 d6: Tartakower System and Modern Defence.} Ngf6 7. Be2 {[%emt 0:01:40] [#]} c5 $146 ({Predecessor:} 7... b5 8. a3 Bb7 9. Qd2 O-O 10. O-O c5 11. Rad1 Rc8 12. Bh2 Nb6 13. Qe1 cxd4 14. Nxd4 {0-1 (39) Koshil,T (2229)-Gorbatov,A (2387) Rodatychi 2006}) 8. O-O {[%emt 0:04:03] The position is equal.} O-O 9. a4 cxd4 10. exd4 b6 11. Qd2 Re8 12. Ng5 Bb7 13. Bc4 d5 14. Bb3 Rc8 15. Rad1 Nb8 16. Bxb8 Rxb8 17. Nf3 e6 18. Ne5 Rc8 19. f3 Re7 20. Ne2 Ne8 21. h4 Rec7 22. h5 Nd6 23. Qf4 Nf5 24. hxg6 hxg6 {[%emt 0:00:58] And now ...Bh6 would win.} 25. Ng4 {[%emt 0:00:22] Inhibits Bh6.} (25. Qd2 $1 $15) 25... Qd6 (25... Rxc2 $19 {and Black stays clearly on top.} 26. Bxc2 Rxc2) 26. c3 Bc6 27. Qxd6 Nxd6 28. Rf2 (28. Ra1 $15) 28... Be8 (28... b5 $142 29. axb5 axb5) 29. Nf4 $17 Nc4 30. Re2 Rb8 31. Rde1 {[%emt 0:03:46][%cal Of4d5] Threatens to win with Nxd5!} Bd7 32. Nd3 Rbc8 ({Better is} 32... Na5 $15 33. Bc2 Nc4) 33. Bd1 {[%emt 0:01:52] [#]} (33. Ra1 $11) 33... a5 ({Black should play} 33... b5 $1 $17 34. axb5 Bxb5) 34. g3 Rb8 (34... b5 $17 35. axb5 Bxb5) 35. Bb3 $15 Bc8 36. f4 Ba6 {[%emt 0:00:34][%cal Oc4b2] Hoping for ...Nxb2!} 37. Rf2 {[%emt 0:00:26][%mdl 8192] [#]} (37. Ngf2 $15) 37... Nxb2 $1 $19 38. Nxb2 {[%emt 0:00:13] Black must now prevent Re3.} (38. Rxb2 Bxd3) 38... Rxc3 39. Re3 Rc1+ ({Worse is} 39... Bxd4 40. Rxc3 Bxc3 41. Kg2 $15) 40. Kg2 Bxd4 {[%emt 0:00:00] A strong pair of Bishops.} 41. Rd2 (41. Bd1 $142) 41... Bxe3 42. Nxe3 Rc3 {[%emt 0:00:00][%csl LRb3,LRe3] Weighted Error Value: White=0.46/Black=0.14 (very precise)} 0-1

[Event "Croatian Team Cup Final 2022"]
[Site "Vodice"]
[Date "2022.05.19"]
[Round "2.21"]
[White "Golubovic, Boris"]
[Black "Jovanovic, Zoran"]
[Result "1/2-1/2"]
[ECO "C41"]
[WhiteElo "2360"]
[BlackElo "2523"]
[Annotator "TA"]
[PlyCount "34"]
[EventDate "2022.05.18"]
[EventType "team-tourn"]
[EventCountry "CRO"]
[SourceTitle "playchess.com"]
[Source "ChessBase"]
[SourceQuality "1"]
[TimeControl "40/5400+30:1800+30"]

1. e4 d6 2. d4 Nf6 3. Nc3 e5 4. Nf3 Nbd7 5. Bc4 Be7 6. O-O O-O 7. Re1 c6 8. a4 a5 9. h3 h6 10. b3 {[%emt 0:05:08] White is much more active. The black rooks are badly placed. C41: Philidor Defence.} ({White should try} 10. Be3 $14) 10... Qc7 11. Bb2 {[%emt 0:02:46] [#]} {Predecessor:} Re8 $146 12. Qd2 Nf8 13. d5 Ng6 14. Rad1 Nf4 15. Kh2 c5 16. Ng1 g5 17. g3 Ng6 {0-1 (51) Vasquez Schroder,R (2500)-Krishna,C (2439) Chess.com INT 2022} 1/2-1/2

[Event "Croatian Team Cup Final 2022"]
[Site "Vodice"]
[Date "2022.05.19"]
[Round "3.1"]
[White "Saric, Ante"]
[Black "Saric, Ivan"]
[Result "1/2-1/2"]
[ECO "D10"]
[WhiteElo "2510"]
[BlackElo "2693"]
[Annotator "TA"]
[PlyCount "94"]
[EventDate "2022.05.18"]
[EventType "team-tourn"]
[EventCountry "CRO"]
[SourceTitle "playchess.com"]
[Source "ChessBase"]
[SourceQuality "1"]
[TimeControl "40/5400+30:1800+30"]

1. d4 d5 2. c4 c6 3. cxd5 cxd5 4. Nf3 Nc6 5. Nc3 e6 6. Bf4 Bd6 {[%emt 0:00:22] D10: Slav Defence: 3 cxd5 (without early Nf3) and 3 Nc3.} 7. Bxd6 {[%emt 0:05:50] 7.Bg3 is the modern continuation.} Qxd6 8. e3 a6 {[%emt 0:10:14] White has an edge.} 9. Rc1 f5 {[%emt 0:01:26] [#]} 10. Ne2 $146 ({Predecessor:} 10. Bd3 Nf6 11. O-O O-O 12. Na4 Nb4 13. Bb1 Bd7 14. Ne5 Rac8 15. Nc5 Rc7 16. a3 {½-½ (38) Speicher,F (1868)-Felger,K (1775) Bad Woerishofen 2018}) 10... Nf6 11. Nf4 O-O 12. Nd3 Bd7 13. Be2 Rfc8 14. O-O Rc7 15. Rc2 Rac8 16. Qb1 Be8 17. Rfc1 Bh5 18. Nfe1 Bxe2 19. Rxe2 f4 20. Nf3 fxe3 21. Rxe3 Ng4 22. Ree1 Nxd4 23. Nxd4 Qxh2+ 24. Kf1 Qh1+ {[%emt 0:02:18][%mdl 64] Deflection} 25. Ke2 Qxg2 26. Rxc7 Rxc7 27. Nxe6 {[%emt 0:01:42] The board is on fire. Pair of Knights!} Re7 {[%emt 0:03:31] aiming for ...Nxf2.} 28. Kd2 (28. Kd1 $11 {keeps the balance.} Nxf2+ 29. Nxf2 Qf3+ 30. Re2 Rxe6 31. Qd3 Qxe2+ 32. Qxe2 Rxe2 33. Kxe2) 28... Nxf2 $17 29. Nxf2 Qxf2+ 30. Re2 Qf6 31. Qc2 Rxe6 $19 {[%emt 0:03:57][%mdl 4096] Endgame KQR-KQR} 32. Qc8+ Kf7 33. Qxb7+ {[%emt 0:01:13] [#]} Qe7 $1 34. Rf2+ {[%emt 0:01:20] [#]} Kg8 $1 35. Qa8+ Qe8 36. Qxd5 {[%emt 0:00:05] Strongly threatening Re2.} Qc6 37. Qxc6 Rxc6 {[%emt 0:00:04] KR-KR} 38. Kd3 g5 (38... Rd6+ $17 39. Kc4 h5) 39. b4 $1 $15 Kg7 {[%emt 0:00:59] White must now prevent ...g4.} (39... Rb6 $5 40. Rg2 Rg6 $17) 40. a4 $1 g4 {[%emt 0:00:00][%cal Bg5g4,Bg4g3][%mdl 32] ...h5 is the strong threat.} 41. b5 {[%emt 0:06:33] The position is equal.} axb5 42. axb5 Rg6 {[%emt 0:00:33] Hoping for ...h5.} 43. Ke4 g3 44. Rf1 h5 {[%emt 0:02:24] Threatens to win with ...h4.} (44... g2 $5 45. Rg1 Kh6 $11) 45. Kf3 h4 {[%emt 0:01:23] ( -> ...g2)} 46. Kg2 Rb6 47. Rh1 Rxb5 {[%emt 0:00:08] And White is the lucky defender.  Weighted Error Value: White=0.09 (flawless) /Black=0.05 (flawless)} 1/2-1/2

[Event "Croatian Team Cup Final 2022"]
[Site "Vodice"]
[Date "2022.05.19"]
[Round "3.2"]
[White "Markus, Robert"]
[Black "Plenca, Julijan"]
[Result "1-0"]
[ECO "E04"]
[WhiteElo "2613"]
[BlackElo "2443"]
[Annotator "TA"]
[PlyCount "51"]
[EventDate "2022.05.18"]
[EventType "team-tourn"]
[EventCountry "CRO"]
[SourceTitle "playchess.com"]
[Source "ChessBase"]
[SourceQuality "1"]
[TimeControl "40/5400+30:1800+30"]

1. d4 d5 2. c4 e6 3. Nf3 Nf6 4. g3 dxc4 5. Bg2 a6 6. O-O Nc6 7. Nc3 Rb8 8. e4 b5 9. Qe2 {[%emt 0:09:37] E04: Open Catalan: 5 Nf3.} (9. d5 $5 Nb4 10. b3 $14) 9... Nxd4 10. Nxd4 Qxd4 11. Rd1 $1 {[%emt 0:02:17] White has an edge.} Qb6 12. e5 {[%emt 0:00:14][%mdl 1024] White has compensation.} (12. Qd2 $2 Bb7 13. Qe2 (13. e5 $2 Bxg2 14. Kxg2 Qc6+ 15. f3 Nd7 $19) 13... Bc5 $17) 12... Nd7 13. Ne4 {[%emt 0:15:03] [#] And now Be3 would win.} Bc5 $146 (13... h6 $11) ({Predecessor:} 13... Nxe5 14. Be3 c5 15. Bf4 Nd3 16. Bxb8 Qxb8 17. b3 Be7 18. bxc4 bxc4 19. Qc2 O-O 20. Qxc4 {1-0 (41) Miton,K (2443)-Jakovenko,D (2506) Yerevan 2000}) 14. Qg4 $1 $36 {[%emt 0:05:55][%mdl 2048] White has strong initiative. 0x0.001ab4e9ffc1dp-1022s more active pieces. The black rooks are badly placed.} Bf8 $2 {[%emt 0:14:38] [#]} (14... Bb7) 15. Be3 $1 $18 Qa5 16. Ng5 Be7 $2 {[%emt 0:05:24] [#]} (16... Nxe5 17. Qd4 Bd6) 17. Bc6 (17. Nxe6 $142 $1 fxe6 18. Bc6) 17... Bxg5 18. Qxg5 {[%emt 0:01:33] Threatening mate with Bc5.} O-O 19. Bxd7 {[%emt 0:00:06] A strong pair of Bishops.} Bb7 {[%emt 0:00:03] Against Bc6} 20. Bc5 {[%emt 0:01:17][%cal Od7e6] Inhibits Qb4. Strongly threatening Bxe6! White is clearly winning.} b4 (20... Bf3 $142 21. Rd4 h6) 21. Bxf8 Rxf8 22. a3 b3 23. Rac1 {[%emt 0:01:16] Prevents c3.} Bd5 24. Rd4 {[%emt 0:02:18] Hoping for Rg4.} h6 25. Qd2 Qb6 (25... Qxd2 $142 26. Rxd2 Rb8) 26. Rxd5 {[%emt 0:02:41] Black got outplayed after the opening.  Weighted Error Value: White=0.45/Black=0.90} 1-0

[Event "Croatian Team Cup Final 2022"]
[Site "Vodice"]
[Date "2022.05.19"]
[Round "3.3"]
[White "Plenca, Jadranko"]
[Black "Jovanic, Ognjen"]
[Result "1/2-1/2"]
[ECO "B40"]
[WhiteElo "2443"]
[BlackElo "2509"]
[Annotator "TA"]
[PlyCount "53"]
[EventDate "2022.05.18"]
[EventType "team-tourn"]
[EventCountry "CRO"]
[SourceTitle "playchess.com"]
[Source "ChessBase"]
[SourceQuality "1"]
[TimeControl "40/5400+30:1800+30"]

1. e4 c5 2. Nf3 e6 3. b3 Nc6 4. Bb2 a6 5. Be2 Nf6 6. e5 {[%emt 0:01:29] B40: Sicilian: 2...e6, Unusual lines.} Nd5 7. O-O Nf4 8. Re1 Nxe2+ 9. Qxe2 b6 10. d4 {[%emt 0:03:00] [#]} Bb7 $146 ({Predecessor:} 10... cxd4 11. Nxd4 Bb7 12. Nd2 Qc7 13. c4 Bb4 14. N4f3 Ne7 15. a3 Bxd2 16. Nxd2 Ng6 {½-½ (58) Palit,S (2360)-Heemskerk,W (2175) Leiden 2015}) 11. dxc5 Bxc5 12. Nbd2 O-O 13. Ne4 Qc7 14. Nxc5 (14. a3 {keeps more tension.} d5 15. exd6 Bxd6 16. Nxd6 Qxd6 17. Qe4) 14... bxc5 15. Rad1 Rfd8 (15... a5 $14) 16. Nd2 {[%emt 0:11:25] White is more active.} a5 17. Qc4 ({Better is} 17. Qg4 $16) 17... Ne7 18. Qg4 a4 $1 19. Nc4 ({Don't play} 19. bxa4 Bc6 $15) 19... axb3 20. axb3 Ra2 21. Bc1 {[%emt 0:04:36] aiming for Bg5.} Nf5 22. Bg5 {[%emt 0:00:42] Threatens to win with Nd6.} Rf8 (22... Rda8 $11) 23. Ne3 (23. Nd6 $1 $14 Nxd6 24. exd6) 23... Qxe5 $11 {[%emt 0:02:37] The position is equal.} 24. Nxf5 Qxf5 25. Qxf5 exf5 26. Rxd7 Bc8 27. Rd2 {[%emt 0:03:27] Weighted Error Value: White=0.11 (very precise) /Black=0.12 (very precise)} 1/2-1/2

[Event "Croatian Team Cup Final 2022"]
[Site "Vodice"]
[Date "2022.05.19"]
[Round "3.4"]
[White "Srbis, Jurica"]
[Black "Saric, Luka"]
[Result "1-0"]
[ECO "B51"]
[WhiteElo "2451"]
[BlackElo "2169"]
[Annotator "TA"]
[PlyCount "83"]
[EventDate "2022.05.18"]
[EventType "team-tourn"]
[EventCountry "CRO"]
[SourceTitle "playchess.com"]
[Source "ChessBase"]
[SourceQuality "1"]
[TimeControl "40/5400+30:1800+30"]

1. e4 c5 2. Nf3 Nc6 3. Bb5 d6 4. O-O Bd7 5. c3 a6 6. Ba4 Nf6 7. Re1 e5 8. h3 {[%emt 0:03:57] B51: Sicilian: Moscow Variation (3 Bb5+) without 3...Bd7.} Be7 9. d4 b5 10. Bb3 {[%emt 0:03:37] White is slightly better.} O-O 11. Nbd2 {[%emt 0:05:52] [#]} ({Better is} 11. d5 $14 Na5 12. Bc2) 11... cxd4 $146 ({Predecessor:} 11... Qc7 12. Nf1 Na5 13. Bg5 Nxb3 14. axb3 exd4 15. cxd4 h6 16. Bh4 Bc6 17. d5 Bb7 {½-½ (52) Vokac,M (2471)-Navara,D (2722) Czech Republic 2012}) 12. cxd4 exd4 13. Nf1 Qb6 14. Ng3 Rfe8 15. Bf4 h6 16. Qd2 Bf8 17. Rad1 $1 Be6 18. Nxd4 Nxd4 19. Qxd4 Qxd4 20. Rxd4 Bxb3 21. axb3 Re6 22. Re2 Rc8 23. Kf1 g6 24. f3 Ne8 (24... Nd7 $11 {might be stronger.}) 25. Rdd2 Rc6 26. Rc2 Rc5 27. b4 $36 {[%emt 0:02:45][%mdl 2048] White is more active.} Rxc2 28. Rxc2 Bg7 29. b3 Be5 30. Ne2 g5 31. Be3 Nf6 32. Nd4 ({Much worse is} 32. Rc6 $6 d5 33. exd5 Nxd5 34. Rc8+ Kg7 $11) 32... Re8 {[%emt 0:00:01] [#]} ({Black should try} 32... Bxd4 $14 33. Bxd4 d5) 33. Nf5 $1 $16 d5 34. Nxh6+ Kh7 $2 (34... Kg7) 35. Nxf7 $18 dxe4 36. Nxg5+ Kg6 37. Nxe4 Nxe4 38. fxe4 Bf6 39. Rc6 Rxe4 40. Bd2 {[%emt 0:00:00] Bc3 is the strong threat.} Kf7 41. Rxa6 Rd4 $2 {[%emt 0:01:27] [#]} (41... Be7 42. Rb6 Bxb4) 42. Rxf6+ $1 {[%emt 0:00:08] Weighted Error Value: White=0.08 (flawless) /Black=0.19 (very precise)} 1-0

[Event "Croatian Team Cup Final 2022"]
[Site "Vodice"]
[Date "2022.05.19"]
[Round "3.5"]
[White "Kozul, Zdenko"]
[Black "Lalic, Bogdan"]
[Result "1/2-1/2"]
[ECO "D85"]
[WhiteElo "2621"]
[BlackElo "2411"]
[Annotator "TA"]
[PlyCount "36"]
[EventDate "2022.05.18"]
[EventType "team-tourn"]
[EventCountry "CRO"]
[SourceTitle "playchess.com"]
[Source "ChessBase"]
[SourceQuality "1"]
[TimeControl "40/5400+30:1800+30"]

1. d4 Nf6 2. c4 g6 3. Nc3 d5 4. cxd5 Nxd5 5. e4 Nxc3 6. bxc3 Bg7 7. Nf3 c5 8. h3 O-O 9. Be2 b6 10. Be3 {[%emt 0:02:40] D85: Exchange Grünfeld: Unusual White 7th moves and lines with 7 Nf3.} Bb7 11. Qd3 cxd4 12. cxd4 {[%emt 0:00:10] The position is equal.} e6 13. O-O Nc6 14. Rad1 Rc8 15. Bg5 Qd6 {[%emt 0:00:00] [#]} 16. Qe3 $146 ({Predecessor:} 16. a3 Na5 17. Rc1 h6 18. Bd2 Rfd8 19. Bb4 Qf4 20. Rxc8 Rxc8 21. Bxa5 bxa5 22. d5 exd5 {½-½ (98) Baldauf,M (2478)-Michalik,P (2546) Austria 2018}) 16... Nb4 17. d5 ({Better is} 17. Rd2 $15) 17... exd5 (17... Nxa2 $17 {aiming for ...Nc3.} 18. Bf4 e5) 18. e5 $15 Qc5 {[%emt 0:05:23] Weighted Error Value: White=0.21 (precise) /Black=0.07 (flawless)} 1/2-1/2

[Event "Croatian Team Cup Final 2022"]
[Site "Vodice"]
[Date "2022.05.19"]
[Round "3.6"]
[White "Zaja, Ivan"]
[Black "Stevic, Hrvoje"]
[Result "1/2-1/2"]
[ECO "D27"]
[WhiteElo "2449"]
[BlackElo "2558"]
[Annotator "TA"]
[PlyCount "44"]
[EventDate "2022.05.18"]
[EventType "team-tourn"]
[EventCountry "CRO"]
[SourceTitle "playchess.com"]
[Source "ChessBase"]
[SourceQuality "1"]
[TimeControl "40/5400+30:1800+30"]

1. d4 d5 2. c4 dxc4 3. Nf3 Nf6 4. e3 e6 5. Bxc4 a6 6. O-O c5 7. dxc5 Qxd1 8. Rxd1 Bxc5 9. a3 Nbd7 10. b4 Be7 11. Bb2 b5 12. Be2 Bb7 13. Nbd2 O-O {[%emt 0:02:06] The position is equal.} 14. Rac1 {[%emt 0:01:03] D27: Queen's Gambit Accepted: Classical main line: 7 e4!? and 7 a4.} Rac8 (14... Rfc8 15. Rxc8+ Rxc8 16. Rc1 Rxc1+ 17. Bxc1 {½-½ (17) Zaja,I (2481)-Stevic,H (2597) Porec 2016}) 15. Nd4 Nd5 16. N2b3 {[%emt 0:05:31] [#] Not much happened in this game.} {Predecessor:} N7b6 $146 17. Na5 Na4 18. Ba1 Rxc1 19. Rxc1 Rc8 20. Rxc8+ Bxc8 21. Ndc6 Bd6 22. g3 Kf8 {½-½ (31) Penafiel,H (2193)-Mussanti,D (2324) Buenos Aires 2019} 1/2-1/2

[Event "Croatian Team Cup Final 2022"]
[Site "Vodice"]
[Date "2022.05.20"]
[Round "3.7"]
[White "Palac, Mladen"]
[Black "Kovacevic, Blazimir"]
[Result "1/2-1/2"]
[ECO "B04"]
[WhiteElo "2505"]
[BlackElo "2401"]
[Annotator "TA"]
[PlyCount "53"]
[EventDate "2022.05.18"]
[EventType "team-tourn"]
[EventCountry "CRO"]
[SourceTitle "playchess.com"]
[Source "ChessBase"]
[SourceQuality "1"]
[TimeControl "40/5400+30:1800+30"]

1. e4 Nf6 2. e5 Nd5 3. d4 d6 4. Nf3 dxe5 5. Nxe5 g6 6. Bc4 c6 7. O-O Bg7 8. Re1 O-O 9. c3 Be6 10. Bb3 {[%emt 0:04:08] B04: Alekhine's Defence: 4 Nf3.} Nd7 11. Nf3 Bg4 12. Nbd2 {[%emt 0:06:45][%cal Bb1d2,Bd2f3,Bf3d4][%mdl 32] White is slightly better.} e5 $1 {[%emt 0:05:00] [#]} 13. h3 $146 ({Predecessor:} 13. dxe5 Nxe5 14. h3 Bxf3 15. Nxf3 Re8 16. Nxe5 Bxe5 17. Qf3 Bh2+ 18. Kf1 Rxe1+ 19. Kxe1 {1-0 (62) Roebuck,D (2343)-Suarez Rodriguez,J (2244) ICCF email 2017}) 13... Bxf3 14. Nxf3 exd4 15. Bxd5 {[%emt 0:03:04] [#] Strongly threatening Bb3.} cxd5 (15... dxc3 {is more complex.} 16. Bg5 cxb2 17. Rb1 Nf6) 16. Nxd4 Ne5 17. Bf4 Nc6 18. Be3 Re8 19. Qd2 Ne5 20. b3 {[%emt 0:02:02] Against Nc4} Qa5 21. Red1 Nc6 22. Ne2 Rad8 23. Rac1 Rd7 24. Qb2 Ne7 25. Nd4 Nc6 26. Ne2 Ne7 27. Nd4 {[%emt 0:01:10] Weighted Error Value: White=0.08 (flawless) /Black=0.02 (flawless)} 1/2-1/2